 Dungeon Sprint DCSS version 0.27-a0-1119-gbf574a6a6b (webtiles) character file.

Game seed: 13851119195810184823

7949 mhtbhm the Scorcher (level 11, -11/56 HPs)
             Began as a Deep Elf Fire Elementalist on May 2, 2021.
             Was the Champion of Vehumet.
             Mangled by a demonic crawler (13 damage)
             ... in the Dungeon (Sprint I: "Red Sonja").
             The game lasted 00:10:41 (2621 turns).

mhtbhm the Scorcher (Deep Elf Fire Elementalist)    Turns: 2621, Time: 00:10:42

Health: -11/56     AC:  4    Str:  5    XL:     11   Next: 3%
Magic:  34/43      EV: 17    Int: 24    God:    Vehumet [******]
Gold:   2079       SH:  0    Dex: 15    Spells: 23/44 levels left

rFire    . . .     SeeInvis .   (no weapon)
rCold    . . .     Faith    .   (no shield)
rNeg     + . .     Spirit   .   a - +2 robe {Archmagi}
rPois    .         Reflect  .   (no helmet)
rElec    .         Harm     .   (no cloak)
rCorr    .         Rampage  .   (no gloves)
Will     +....     NoTele   +   (no boots)
Stlth    +.........             l - amulet of regeneration
HPRegen  1.18/turn              i - ring of magical power
MPRegen  0.28/turn              m - ring of positive energy

@: very slow
A: no striking features
a: Renounce Religion


You were in the Dungeon.
You worshipped Vehumet.
Vehumet was exalted by your worship.
You visited 1 branch You collected 2099 gold pieces.
You spent 20 gold pieces at shops.

Inventory:

Missiles
 c - 10 curare-tipped darts (quivered)
Armour
 a - a +2 robe of the Archmagi (worn)
Jewellery
 i - a ring of magical power (left hand)
 l - an amulet of regeneration (around neck)
 m - a ring of positive energy (right hand)
Wands
 b - a wand of digging (1)
Scrolls
 e - a scroll of amnesia
 j - a scroll of magic mapping {unknown}
Potions
 f - a potion of magic
 g - 2 potions of berserk rage
 k - 2 potions of curing
 o - a potion of brilliance {unknown}


   Skills:
 - Level 1.0 Fighting
 + Level 2.2 Throwing
 + Level 10.9 Dodging
 - Level 3.2 Stealth
 + Level 0.4 Unarmed Combat
 + Level 17.4 Spellcasting
 + Level 12.0 Conjurations
 + Level 18.1 Fire Magic
 + Level 3.7 Evocations


You had 23 spell levels left.
You knew the following spells:

 Your Spells              Type           Power      Damage    Failure   Level
a - Foxfire               Conj/Fire      100%       2x1d9     0%          1
b - Conjure Flame         Conj/Fire      96%        6-21      0%          3
c - Inner Flame           Hex/Fire       77%        N/A       1%          3
d - Sticky Flame          Conj/Fire      96%        2d11      1%          4
e - Fireball              Conj/Fire      48%        3d19      1%          5
f - Bolt of Magma         Conj/Fire/Erth 40%        4d17      1%          5

Your spell library contained the following spells:

 Spells                   Type           Power      Damage    Failure   Level


Dungeon Overview and Level Annotations

Branches:
Dungeon (1/1)

Altars:
Cheibriados
Dithmenos
Elyvilon
Fedhas
Gozag
Hepliaklqana
Kikubaaqudgha
Makhleb
Nemelex Xobeh
Okawaru
Qazlal
Ru
Sif Muna
Trog
Uskayaw
Vehumet
Wu Jian
Xom
Yredelemnul
Zin
The Shining One
Jiyva
Lugonu

Shops:
D **!:?(:?(((!(??[[


Message History

The demonic crawler misses you. The demonic crawler hits you.
* * * LOW HITPOINT WARNING * * *
You feel much better.
The demonic crawler burns!
Unknown command.
Casting: Sticky Flame (safe; 1% risk of failure)
Confirm with . or Enter, or press ? or * to list all spells.
Aiming: Sticky Flame (safe; 1% risk of failure)
Press: ? - help, Shift-Dir - straight line, f/p - demonic crawler
Aim: a demonic crawler (purple smoke, moderately wounded, covered in liquid flames, 100% to hit)
Okay, then.
Okay, then.
Casting: Sticky Flame (safe; 1% risk of failure)
Confirm with . or Enter, or press ? or * to list all spells.
Aiming: Sticky Flame (safe; 1% risk of failure)
Press: ? - help, Shift-Dir - straight line, f/p - demonic crawler
Aim: a demonic crawler (purple smoke, moderately wounded, covered in liquid flames, 100% to hit)
Okay, then.
Casting: Sticky Flame (safe; 1% risk of failure)
Confirm with . or Enter, or press ? or * to list all spells.
Aiming: Fireball (safe; 1% risk of failure)
Press: ? - help, Shift-Dir - straight line, p - demonic crawler
Okay, then.
The flames covering the demonic crawler go out.
The demonic crawler stops burning.
The demonic crawler barely misses you. The demonic crawler misses you.
The demonic crawler hits you! The demonic crawler misses you.
The demonic crawler barely misses you.
The demonic crawler completely misses you.
Unknown command.
Casting: Fireball (safe; 1% risk of failure)
Confirm with . or Enter, or press ? or * to list all spells.
Aiming: Fireball (safe; 1% risk of failure)
Press: ? - help, Shift-Dir - straight line, f - you, p - demonic crawler
Okay, then.
The demonic crawler hits you. The demonic crawler barely misses you.
The demonic crawler hits you!
* * * LOW HITPOINT WARNING * * *
The demonic crawler hits you!
* * * LOW HITPOINT WARNING * * *
The demonic crawler misses you. The demonic crawler hits you!
You die...

#################################
.#..'.)#..'..#__#..'.)..§§§§§..'§
.'.†#..'..#..'..ss.#...##§#§####§
.#####'#####'#s_####[..+§§#.# ##
.####..#...#§####§§#####s.+.# #
.#__####..##s#§s§§§#..##+####
.#_____##'#_§'ss@§§'..#
⌠#_.∩...'...§#≈§§§§#..#
##_..__##_.#'##'#####§###
#_____###'#.#....###.'.#
##########.####'###.###.#
........'...'.....'.∩##.#
#++++####...###########÷#
###.###......§##§#
#.#'#.#......§.§§#


You could see 3 demonic crawlers.

Vanquished Creatures
  2 centaur warriors (D)
  Sonja (D)
  A deep troll (D)
  A lindwurm (D)
  An oklob plant (D)
  2 unseen horrors (D)
  2 kobold demonologists (D)
  A hornet (D)
  A slime creature (D)
  2 redbacks (D)
  Sigmund (D)
  A yak (D)
  12 hogs (D)
  2 floating eyes (D)
  7 necrophages (D)
  An ogre (D)
  8 jellies (D)
  Ijyb (D)
  2 ballistomycete spores (D)
49 creatures vanquished.

Vanquished Creatures (others)
  2 hornets (D)
  40 foxfires (D)
42 creatures vanquished.

Grand Total: 91 creatures vanquished

Notes
Turn   | Place    | Note
-------+----------+-------------------------------------------
     0 | D        | mhtbhm the Deep Elf Fire Elementalist began the quest for
                  | the Orb.
     0 | D        | Reached XP level 1. HP: 10/10 MP: 6/6
     2 | D        | Noticed Ijyb
    20 | D        | Killed Ijyb
    21 | D        | Reached skill level 5 in Fire Magic
    21 | D        | Reached XP level 2. HP: 8/15 MP: 0/9
   179 | D        | Noticed an ogre
   196 | D        | Killed an ogre
   197 | D        | Reached skill level 8 in Fire Magic
   197 | D        | Reached XP level 3. HP: 19/19 MP: 3/12
   197 | D        | Reached XP level 4. HP: 24/24 MP: 3/14
   201 | D        | Learned a level 3 spell: Conjure Flame
   205 | D        | Learned a level 3 spell: Inner Flame
   210 | D        | Learned a level 4 spell: Sticky Flame
   293 | D        | Noticed Sigmund
   302 | D        | Killed Sigmund
   303 | D        | Reached skill level 5 in Dodging
   303 | D        | Reached skill level 10 in Fire Magic
   303 | D        | Reached XP level 5. HP: 19/28 MP: 12/18
   400 | D        | Learned a level 5 spell: Fireball
   416 | D        | Found an ornate altar of the Wu Jian Council.
   416 | D        | Found a shimmering blue altar of Sif Muna.
   420 | D        | Reached XP level 6. HP: 32/32 MP: 8/19
   420 | D        | Found a radiant altar of Vehumet.
   521 | D        | Became a worshipper of Vehumet
   539 | D        | Found Nuquppoe's General Store.
   539 | D        | Found an ancient bone altar of Kikubaaqudgha.
   539 | D        | Found a hazy altar of Hepliaklqana.
   539 | D        | Found a stormy altar of Qazlal.
   539 | D        | Found a hide-covered altar of Uskayaw.
   539 | D        | Found a blossoming altar of Fedhas.
   539 | D        | Found a bloodstained altar of Trog.
   539 | D        | Found an iron altar of Okawaru.
   539 | D        | Found a basalt altar of Yredelemnul.
   539 | D        | Found a glowing golden altar of the Shining One.
   539 | D        | Found a snail-covered altar of Cheibriados.
   539 | D        | Found a sacrificial altar of Ru.
   539 | D        | Found a glowing silver altar of Zin.
   539 | D        | Found a shadowy altar of Dithmenos.
   539 | D        | Found a white marble altar of Elyvilon.
   539 | D        | Noticed a yak
   544 | D        | Killed a yak
   545 | D        | Reached skill level 11 in Fire Magic
   547 | D        | Found an opulent altar of Gozag.
   548 | D        | Found a sparkling altar of Nemelex Xobeh.
   638 | D        | Bought a scroll of identify for 20 gold pieces
   646 | D        | Noticed Sonja
   651 | D        | Killed Sonja
   652 | D        | Reached skill level 13 in Fire Magic
   652 | D        | Reached XP level 7. HP: 4/36 MP: 10/24
   877 | D        | Found Amupipaph's General Store.
   979 | D        | Noticed a deep troll
   991 | D        | Killed a deep troll
   991 | D        | Reached * piety under Vehumet
   991 | D        | Offered knowledge of Freeze by Vehumet.
   992 | D        | Reached skill level 14 in Fire Magic
   992 | D        | Reached XP level 8. HP: 41/41 MP: 20/26
  1009 | D        | Found Exofim's Armour Emporium.
  1155 | D        | Noticed a centaur warrior
  1156 | D        | Noticed a centaur warrior
  1160 | D        | Killed a centaur warrior
  1161 | D        | Reached skill level 1 in Throwing
  1161 | D        | Reached skill level 15 in Fire Magic
  1161 | D        | Reached XP level 9. HP: 20/45 MP: 24/28
  1161 | D        | Killed a centaur warrior
  1162 | D        | Reached skill level 16 in Fire Magic
  1344 | D        | Reached ** piety under Vehumet
  1344 | D        | Offered knowledge of Shock by Vehumet.
  1358 | D        | Noticed an oklob plant
  1361 | D        | Killed an oklob plant
  1509 | D        | Offered knowledge of Searing Ray by Vehumet.
  1511 | D        | Reached skill level 10 in Dodging
  1566 | D        | Killed an unseen horror
  1566 | D        | Reached *** piety under Vehumet
  1567 | D        | Reached XP level 10. HP: 46/50 MP: 30/30
  1571 | D        | Reached skill level 15 in Spellcasting
  1571 | D        | Reached skill level 10 in Conjurations
  1665 | D        | Reached **** piety under Vehumet
  1666 | D        | Reached skill level 17 in Fire Magic
  1677 | D        | Reached ***** piety under Vehumet
  1691 | D        | Offered knowledge of Ignite Poison by Vehumet.
  1715 | D        | Reached skill level 1 in Evocations
  1892 | D        | Identified the +7 long sword of Compulsion {vorpal,
                  | *Corrode rC+ Dex+7}
  1900 | D        | Found Mokainne's Book Shoppe.
  1900 | D        | Found Anagomut's Distillery.
  1900 | D        | Found Visou's Magic Scroll Boutique.
  1902 | D        | Found Wisch's Antique Weapon Emporium.
  1902 | D        | Found Zecviys's Book Shop.
  1902 | D        | Found Daxecaox's Magic Scroll Shoppe.
  1902 | D        | Found Seockeets's Antique Weapon Boutique.
  1902 | D        | Found Puwuomix's Weapon Emporium.
  1902 | D        | Found Unos's Antique Weapon Shop.
  1902 | D        | Found Lepelan's Distillery.
  1904 | D        | Found Tuniumua's Weapon Boutique.
  1905 | D        | Found Ipey's Magic Scroll Emporium.
  1905 | D        | Found Xafapn's Magic Scroll Boutique.
  1906 | D        | Found Asmaich's Antique Armour Emporium.
  1984 | D        | Found a burning altar of Makhleb.
  1984 | D        | Found a viscous altar of Jiyva.
  1984 | D        | Found a shimmering altar of Xom.
  1984 | D        | Found a corrupted altar of Lugonu.
  1986 | D        | Offered knowledge of Hailstorm by Vehumet.
  2028 | D        | Reached ****** piety under Vehumet
  2076 | D        | Noticed a lindwurm
  2078 | D        | Killed a lindwurm
  2252 | D        | Offered knowledge of Bolt of Magma by Vehumet.
  2319 | D        | Reached skill level 18 in Fire Magic
  2353 | D        | Reached skill level 1 in Fighting
  2353 | D        | Reached XP level 11. HP: 32/56 MP: 22/34
  2581 | D        | Learned a level 5 spell: Bolt of Magma
  2584 | D        | Noticed a 12-headed hydra
  2621 | D        | HP: 2/56 [demonic crawler (9)]
  2621 | D        | Mangled by a demonic crawler

Illustrated notes

Levels and vault maps discovered:
D:        dungeon_sprint_1 [red_sonja_temple_1, red_sonja_temple_small_1]

Skill      XL: |  1  2  3  4  5  6  7  8  9 10 11 |
---------------+----------------------------------+-----
Dodging        | 3 4 5 7 8 9 10 | 10.9
Stealth        | 3 |  3.2
Spellcasting   | 4 6 8 11 12 13 14 17 | 17.4
Fire Magic     | 5 8 10 13 14 15 16 18 | 18.1
Conjurations   | 2 3 6 7 8 9 11 12 | 12.0
Throwing       | 1 2 |  2.2
Evocations     | 3 |  3.7
Fighting       | 1 |  1.0
Unarmed Combat | |  0.4

Action                   |  1- 3 |  4- 6 |  7- 9 | 10-12 || total
-------------------------+-------+-------+-------+-------++-------
Melee: Unarmed           |       |       |       |     1 ||     1
Throw: Dart              |       |       |     2 |       ||     2
 Cast: Foxfire           |    14 |     4 |     1 |    11 ||    30
       Fireball          |       |     6 |    17 |    23 ||    46
       Sticky Flame      |       |     2 |     1 |    26 ||    29
Evoke: Wand              |       |       |       |    12 ||    12
  Use: Potion            |     1 |       |     1 |     3 ||     5
       Scroll            |       |     1 |       |     1 ||     2
Armor: Robe              |       |       |       |     4 ||     4
Dodge: Dodged            |     4 |     1 |     1 |    53 ||    59

Table legend: (Time is in decaauts)
 A = Elapsed time spent in this place.
 B = Non-inter-level travel time spent in this place.
 C = Inter-level travel time spent in this place.
 D = Time resting spent in this place.
 E = Time spent auto-exploring this place.
 F = Levels seen in this place.
 G = Mean time per level.
                   A        B        C        D        E       F      G
               +--------+--------+--------+--------+--------+-----+--------+
         Total |   2610 |   2610 |      0 |   1781 |      0 |   1 | 2610.0 |
       Dungeon |   2610 |   2610 |      0 |   1781 |      0 |   1 | 2610.0 |
               +--------+--------+--------+--------+--------+-----+--------+

Top non-repeatable levels by time:
       D: 2610 daAuts
